Canadiens vs Jets
(R1)
Created - 16 mai 2016 at 07:20
Goals
|
| Canadiens |
2 |
0 |
0 |
2 |
| Jets |
1 |
3 |
2 |
6 |
|
Shots
|
| Canadiens |
14 |
7 |
12 |
33 |
| Jets |
13 |
19 |
10 |
42 |
|
1st period
1. Canadiens , Brooks Laich 2 (Drew Miller) at 11:58
2. Canadiens , Marc Savard 6 (Patrick Sharp, Marek Svatos) at 12:14
3. Jets , Derek Roy 6 (Benoit Pouliot, Dustin Brown) at 18:12 (PP)
Penalties :
Darroll Powe (Win) for Hooking (Minor) at 7:13, Anton Volchenkov (Win) for Roughing (Minor) at 12:34, Dan Boyle (Mon) for Tripping (Minor) at 18:02
2nd period
4. Jets , Anton Volchenkov 1 (Dustin Brown, Derek Roy) at 3:02 (PP)
5. Jets , Darroll Powe 1 (Jussi Jokinen, Dmitri Kalinin) at 7:11
6. Jets , Tomas Kopecky 2 (Jussi Jokinen, Darroll Powe) at 18:19
Penalties :
Patrick Sharp (Mon) for Cross-checking (Minor) at 1:14, Blake Wheeler (Win) for Hooking (Minor) at 3:39, Marek Svatos (Mon) for Tripping (Minor) at 11:47, Adam Pardy (Win) for Hooking (Minor) at 19:15
3rd period
7. Jets , Benoit Pouliot 7 (Dustin Brown) at 13:28 (PP)
8. Jets , Dustin Brown 5 (Benoit Pouliot, Derek Roy) at 17:35 (PP)
Penalties :
Marek Svatos (Mon) for Holding (Minor) at 5:00, Blake Wheeler (Win) for Holding Stick (Minor) at 8:37, Drew Miller (Mon) for Interference (Minor) at 13:27, Mikko Koivu (Win) for Goalie Interference (Minor) at 14:11, Marc Savard (Mon) for Slashing (Minor) at 17:08
Goalie Stats
Jonathan Bernier (Mon), 36 saves from 42 shots - (0,857), L, 5-5-0, 60:00 minutes
Kari Lehtonen (Win), 31 saves from 33 shots - (0,939), W, 6-0-1, 60:00 minutes
Players Stats for Canadiens
Player Name G A P +/- PIM S H SB GA TA FO MP PP MP PK MP
------------------------------------------------------------------------------------
Brooks Laich 1 0 1 1 0 4 3 1 0 0 6/16 17:24 5:12 1:47
Cam Janssen 0 0 0 -1 0 0 0 1 0 0 0/0 7:59 0:00 0:00
Dan Boyle 0 0 0 0 2 1 0 0 1 1 0/0 22:51 7:01 0:00
Denis Grebeshkov 0 0 0 0 0 1 1 0 0 1 0/0 16:55 4:53 2:31
Dennis Wideman 0 0 0 0 0 2 2 3 1 1 0/0 27:48 7:01 2:31
Devin Setoguchi 0 0 0 -1 0 6 1 0 0 0 0/0 13:05 5:12 0:00
Drew Miller 0 1 1 1 2 2 1 0 1 0 0/2 19:56 5:12 4:18
Dustin Boyd 0 0 0 -1 0 0 1 0 1 0 1/3 8:27 0:00 0:16
Greg Stewart 0 0 0 -1 0 1 0 0 0 0 0/1 10:09 0:00 1:51
Jiri Fischer 0 0 0 0 0 1 1 2 0 0 0/0 20:45 0:00 3:53
Ladislav Smid 0 0 0 -1 0 0 1 1 0 0 0/0 13:38 0:00 3:53
Marc Savard 1 0 1 1 2 5 4 1 0 0 26/33 21:43 6:42 0:00
Marek Svatos 0 1 1 1 4 5 3 1 1 0 3/3 21:52 6:42 0:01
Matt Carle 0 0 0 1 0 1 0 0 0 0 0/0 18:02 4:53 0:00
Maxim Talbot 0 0 0 -1 0 0 0 0 0 0 4/13 12:42 0:00 4:21
Patrick Sharp 0 1 1 1 2 2 3 0 0 0 2/4 22:03 6:42 0:14
Rene Bourque 0 0 0 1 0 0 1 0 0 0 0/0 10:22 0:00 0:00
Riley Cote 0 0 0 -1 0 2 2 1 0 0 0/0 7:48 0:00 0:00
Players Stats for Jets
Player Name G A P +/- PIM S H SB GA TA FO MP PP MP PK MP
------------------------------------------------------------------------------------
Adam Pardy 0 0 0 0 2 1 2 1 0 1 0/0 17:11 0:24 6:29
Anton Volchenkov 1 0 1 1 2 2 2 1 0 0 0/0 23:55 2:15 4:17
Benoit Pouliot 1 2 3 -1 0 4 1 0 0 0 0/0 21:21 4:08 2:06
Blair Betts 0 0 0 0 0 0 0 0 0 1 0/1 7:49 0:00 1:04
Blake Wheeler 0 0 0 -1 4 5 1 0 0 1 0/0 19:28 2:16 4:43
Brendan Bell 0 0 0 -1 0 1 1 1 0 0 0/0 18:48 0:00 3:51
Chris Phillips 0 0 0 0 0 1 0 1 1 1 0/0 12:30 2:17 1:08
Daniel Sedin 0 0 0 -1 0 5 1 0 1 0 0/2 17:57 2:16 3:28
Darroll Powe 1 1 2 2 2 1 0 0 0 1 7/17 14:41 0:00 5:44
Derek Roy 1 2 3 -1 0 6 1 1 0 0 15/31 18:33 4:08 0:00
Dmitri Kalinin 0 1 1 0 0 3 1 3 0 0 0/0 30:03 3:45 8:03
Dustin Brown 1 3 4 -1 0 4 4 1 1 0 1/1 21:54 4:08 3:10
Eric Fehr 0 0 0 0 0 3 0 0 0 0 0/0 5:24 0:00 0:00
Fredrik Sjostrom 0 0 0 0 0 0 2 0 0 0 0/3 9:16 0:00 3:33
Jussi Jokinen 0 2 2 2 0 0 2 0 0 0 0/0 8:55 0:00 0:00
Kevin Klein 0 0 0 0 0 2 0 0 0 0 0/0 17:42 4:07 0:00
Mikko Koivu 0 0 0 -1 2 3 2 0 0 0 9/19 13:38 2:16 0:00
Tomas Kopecky 1 0 1 2 0 1 0 0 0 0 1/1 8:55 0:00 0:00
3 Stars
1 - Dustin Brown (Win)
2 - Derek Roy (Win)
3 - Benoit Pouliot (Win)
Power Play
Canadiens - 0 on 6 Attempt(s) - 0,00%
Jets - 4 on 7 Attempt(s) - 57,14%
Penalty Kill
Canadiens - 3 on 7 Attempt(s) - 42,86%
- Score 0 goal in Penalty Kill
Jets - 6 on 6 Attempt(s) - 100,00%
- Score 0 goal in Penalty Kill
Team Stat
Canadiens - Hits : 24 - Faceoff Wins : 42 - Blocked Shots : 11 - Penalty Minutes : 12
Jets - Hits : 20 - Faceoff Wins : 33 - Blocked Shots : 9 - Penalty Minutes : 12
Official
Referees : Leggo Mike and Walkom Stephen
Linesman : Don Henderson and Steve Miller
Game Notes
10:42 of 2nd period - Jets goal is going for a video replay. After video review, No Goal. The puck has been kicked using a distinct kicking motion.
15:22 of 2nd period - Penalty Shot by Rene Bourque for Canadiens - Stopped by Kari Lehtonen
Finance
Level 1 -- Attendance: 6000 (100,00%) -- Ticket Income 450 000 $
Level 2 -- Attendance: 5000 (100,00%) -- Ticket Income 250 000 $
Level 3 -- Attendance: 2000 (100,00%) -- Ticket Income 50 000 $
Level 4 -- Attendance: 4000 (100,00%) -- Ticket Income 72 000 $
Luxury Box -- Attendance: 1000 (100,00%) -- Ticket Income 160 000 $
Game was played at the MTS Center.
Total Attendance: 18000 (100,00%)
Total Ticket Income: 982 000 $
Other Income: 147 300 $
Total Income: 1 129 300 $
Canadiens
5 vs 5 Forward
Center Left Wing Right Wing Time % Phy DF OF
1 Marc Savard Patrick Sharp Marek Svatos 40 1 2 2
2 Brooks Laich Drew Miller Rene Bourque 30 1 2 2
3 Maxim Talbot Greg Stewart Devin Setoguchi 20 1 2 2
4 Dustin Boyd Riley Cote Cam Janssen 10 1 2 2
5 vs 5 Defense
Defense Defense Time % Phy DF OF
1 Jiri Fischer Dennis Wideman 40 1 2 2
2 Dan Boyle Matt Carle 30 1 2 2
3 Ladislav Smid Denis Grebeshkov 20 1 2 2
4 Dan Boyle Dennis Wideman 10 1 2 2
PowerPlay Forward
Center Left Wing Right Wing Time % Phy DF OF
1 Marc Savard Patrick Sharp Marek Svatos 60 1 2 2
2 Brooks Laich Drew Miller Devin Setoguchi 40 1 2 2
PowerPlay Defense
Defense Defense Time % Phy DF OF
1 Dan Boyle Dennis Wideman 60 1 2 2
2 Denis Grebeshkov Matt Carle 40 1 2 2
Penalty Kill 4 Players Forward
Center Wing Time % Phy DF OF
1 Maxim Talbot Drew Miller 60 1 2 2
2 Brooks Laich Greg Stewart 40 1 2 2
Penalty Kill 4 Players Defense
Defense Defense Time % Phy DF OF
1 Jiri Fischer Ladislav Smid 60 1 2 2
2 Denis Grebeshkov Dennis Wideman 40 1 2 2
Penalty Kill - 3 Players Forward
Forward Time % Phy DF OF
1 Marc Savard 60 1 2 2
2 Brooks Laich 40 1 2 2
Penalty Kill - 3 Players Defense
Defense Defense Time % Phy DF OF
1 Jiri Fischer Ladislav Smid 60 1 2 2
2 Denis Grebeshkov Dennis Wideman 40 1 2 2
4 vs 4 Forward
Center Wing Time % Phy DF OF
1 Marc Savard Patrick Sharp 60 1 2 2
2 Maxim Talbot Drew Miller 40 1 2 2
4 vs 4 Defense
Defense Defense Time % Phy DF OF
1 Dan Boyle Dennis Wideman 60 1 2 2
2 Jiri Fischer Ladislav Smid 40 1 2 2
Last Minutes Offensive
Center Left Wing Right Wing Defense Defense
Marc Savard Patrick Sharp Marek Svatos Dan Boyle Dennis Wideman
Last Minutes Defensive
Center Left Wing Right Wing Defense Defense
Marc Savard Drew Miller Rene Bourque Jiri Fischer Dennis Wideman
Goaltenders
Starting : Jonathan Bernier
Backup : Miika Kiprusoff
Extra Forwards
Normal : Greg Stewart, Maxim Talbot, Dustin Boyd - PP : Maxim Talbot, Greg Stewart - PK : Marek Svatos
Extra Defensemen
Normal : Jiri Fischer, Matt Carle, Dennis Wideman - PP : Jiri Fischer - PK : Matt Carle, Dennis Wideman
Penalty Shots
Marc Savard, Drew Miller, Patrick Sharp, Rene Bourque, Marek Svatos
Jets
5 vs 5 Forward
Center Left Wing Right Wing Time % Phy DF OF
1 Derek Roy Benoit Pouliot Dustin Brown 40 1 2 2
2 Mikko Koivu Daniel Sedin Blake Wheeler 30 1 2 2
3 Darroll Powe Jussi Jokinen Tomas Kopecky 20 1 2 2
4 Blair Betts Fredrik Sjostrom Eric Fehr 10 1 2 2
5 vs 5 Defense
Defense Defense Time % Phy DF OF
1 Anton Volchenkov Dmitri Kalinin 37 2 2 1
2 Brendan Bell Kevin Klein 33 1 2 2
3 Chris Phillips Adam Pardy 20 1 2 2
4 Dmitri Kalinin Adam Pardy 10 1 2 2
PowerPlay Forward
Center Left Wing Right Wing Time % Phy DF OF
1 Derek Roy Benoit Pouliot Dustin Brown 60 1 1 3
2 Mikko Koivu Daniel Sedin Blake Wheeler 40 1 1 3
PowerPlay Defense
Defense Defense Time % Phy DF OF
1 Dmitri Kalinin Kevin Klein 60 0 2 3
2 Anton Volchenkov Chris Phillips 40 0 2 3
Penalty Kill 4 Players Forward
Center Wing Time % Phy DF OF
1 Darroll Powe Blake Wheeler 60 1 2 2
2 Daniel Sedin Dustin Brown 40 1 2 2
Penalty Kill 4 Players Defense
Defense Defense Time % Phy DF OF
1 Dmitri Kalinin Adam Pardy 60 1 2 2
2 Anton Volchenkov Brendan Bell 40 1 2 2
Penalty Kill - 3 Players Forward
Forward Time % Phy DF OF
1 Blake Wheeler 60 1 2 2
2 Darroll Powe 40 1 2 2
Penalty Kill - 3 Players Defense
Defense Defense Time % Phy DF OF
1 Dmitri Kalinin Adam Pardy 60 1 2 2
2 Anton Volchenkov Brendan Bell 40 1 2 2
4 vs 4 Forward
Center Wing Time % Phy DF OF
1 Benoit Pouliot Derek Roy 60 1 2 2
2 Daniel Sedin Dustin Brown 40 1 2 2
4 vs 4 Defense
Defense Defense Time % Phy DF OF
1 Dmitri Kalinin Kevin Klein 60 1 2 2
2 Anton Volchenkov Brendan Bell 40 1 2 2
Last Minutes Offensive
Center Left Wing Right Wing Defense Defense
Derek Roy Benoit Pouliot Dustin Brown Dmitri Kalinin Anton Volchenkov
Last Minutes Defensive
Center Left Wing Right Wing Defense Defense
Darroll Powe Daniel Sedin Blake Wheeler Dmitri Kalinin Anton Volchenkov
Goaltenders
Starting : Kari Lehtonen
Backup : Ilya Bryzgalov
Extra Forwards
Normal : Jussi Jokinen, Tomas Kopecky, Fredrik Sjostrom - PP : Jussi Jokinen, Tomas Kopecky - PK : Fredrik Sjostrom
Extra Defensemen
Normal : Kevin Klein, Adam Pardy, Anton Volchenkov - PP : Kevin Klein - PK : Adam Pardy, Anton Volchenkov
Penalty Shots
Benoit Pouliot, Derek Roy, Daniel Sedin, Dustin Brown, Mikko Koivu
% Time on Ice - Canadiens
Lines # - Real PCT - Wanted PCT - Time Play
Normal Forward
1 - 36% - 40% - 15:11
2 - 25% - 30% - 10:25
3 - 20% - 20% - 8:18
4 - 19% - 10% - 7:48
Normal Defense
1 - 43% - 40% - 18:02
2 - 30% - 30% - 12:31
3 - 22% - 20% - 9:22
4 - 4% - 10% - 1:47
PP Forward
1 - 56% - 60% - 6:42
2 - 44% - 40% - 5:12
PP Defense
1 - 59% - 60% - 7:01
2 - 41% - 40% - 4:53
PK Forward
1 - 86% - 60% - 5:32
2 - 14% - 40% - 0:52
PK Defense
1 - 61% - 60% - 3:53
2 - 39% - 40% - 2:31
PK3 Forward
1 - 0% - 60%
2 - 0% - 40%
PK3 Defense
1 - 0% - 60%
2 - 0% - 40%
44 Forward
1 - 0% - 60%
2 - 0% - 40%
44 Defense
1 - 0% - 60%
2 - 0% - 40%
Last Minute Offensive - 0:00
Last Minute Defensive - 0:00
Total
Forward - 60:00
Defense - 60:00
|
% Time on Ice - Jets
Lines # - Real PCT - Wanted PCT - Time Play
Normal Forward
1 - 39% - 40% - 16:05
2 - 27% - 30% - 11:18
3 - 21% - 20% - 8:55
4 - 13% - 10% - 5:24
Normal Defense
1 - 41% - 37% - 16:54
2 - 38% - 33% - 15:57
3 - 17% - 20% - 6:56
4 - 5% - 10% - 1:55
PP Forward
1 - 65% - 60% - 4:08
2 - 35% - 40% - 2:16
PP Defense
1 - 64% - 60% - 4:07
2 - 36% - 40% - 2:17
PK Forward
1 - 73% - 60% - 8:44
2 - 27% - 40% - 3:10
PK Defense
1 - 71% - 60% - 8:28
2 - 29% - 40% - 3:26
PK3 Forward
1 - 0% - 60%
2 - 0% - 40%
PK3 Defense
1 - 0% - 60%
2 - 0% - 40%
44 Forward
1 - 0% - 60%
2 - 0% - 40%
44 Defense
1 - 0% - 60%
2 - 0% - 40%
Last Minute Offensive - 0:00
Last Minute Defensive - 0:00
Total
Forward - 60:00
Defense - 60:00
|
Play by Play
1st period
0:01 of 1st period - Marc Savard wins face-off versus Derek Roy in neutral zone.
0:12 of 1st period - Wrist shot by Benoit Pouliot.
0:12 of 1st period - Stopped by Jonathan Bernier with a rebound.
0:14 of 1st period - Slapshot by Dmitri Kalinin.
0:14 of 1st period - Stopped by Jonathan Bernier without a rebound.
0:15 of 1st period - Mikko Koivu wins face-off versus Brooks Laich in Canadiens zone.
0:22 of 1st period - Backhand shot by Daniel Sedin.
0:22 of 1st period - Shot Misses the Net.
0:24 of 1st period - Slapshot by Blake Wheeler.
0:24 of 1st period - Shot Misses the Net.
0:26 of 1st period - Snap shot by Brendan Bell.
0:26 of 1st period - Shot Misses the Net.
2:06 of 1st period - Wrist shot by Jussi Jokinen.
2:06 of 1st period - Shot Misses the Net.
2:20 of 1st period - Wrist shot by Marek Svatos.
2:20 of 1st period - Shot Misses the Net.
2:22 of 1st period - Wrist shot by Marek Svatos.
2:22 of 1st period - Stopped by Kari Lehtonen with a rebound.
2:24 of 1st period - Slapshot by Marek Svatos.
2:24 of 1st period - Shot Blocked by Derek Roy.
2:26 of 1st period - Snap shot by Marek Svatos.
2:26 of 1st period - Shot Misses the Net.
2:28 of 1st period - Wrist shot by Marc Savard.
2:28 of 1st period - Deflect By Derek Roy.
2:28 of 1st period - Shot Misses the Net.
2:28 of 1st period - Puck is out of play.
2:29 of 1st period - Derek Roy wins face-off versus Brooks Laich in Jets zone.
3:05 of 1st period - Snap shot by Daniel Sedin.
3:05 of 1st period - Shot Misses the Net.
3:47 of 1st period - Slapshot by Eric Fehr.
3:47 of 1st period - Shot Blocked by Dennis Wideman.
3:49 of 1st period - Slapshot by Adam Pardy.
3:49 of 1st period - Stopped by Jonathan Bernier with a rebound.
3:51 of 1st period - Snap shot by Eric Fehr.
3:51 of 1st period - Stopped by Jonathan Bernier with a rebound.
4:01 of 1st period - Kevin Klein is hit by Drew Miller.
4:21 of 1st period - Wrist shot by Brooks Laich.
4:21 of 1st period - Stopped by Kari Lehtonen with a rebound.
4:24 of 1st period - Icing by Brendan Bell.
4:25 of 1st period - Marc Savard wins face-off versus Mikko Koivu in Jets zone.
4:32 of 1st period - Marc Savard is hit by Mikko Koivu and loses puck.
5:09 of 1st period - Snap shot by Daniel Sedin.
5:09 of 1st period - Shot Blocked by Marek Svatos.
5:11 of 1st period - Slapshot by Brendan Bell.
5:11 of 1st period - Shot Misses the Net.
5:13 of 1st period - Slapshot by Kevin Klein.
5:13 of 1st period - Stopped by Jonathan Bernier with a rebound.
5:25 of 1st period - Snap shot by Blake Wheeler.
5:25 of 1st period - Shot Blocked by Marc Savard.
5:43 of 1st period - Snap shot by Mikko Koivu.
5:43 of 1st period - Stopped by Jonathan Bernier without a rebound.
5:44 of 1st period - Derek Roy wins face-off versus Brooks Laich in Canadiens zone.
7:13 of 1st period - Minor Penalty to Darroll Powe for Hooking.
7:14 of 1st period - Marek Svatos wins face-off versus Fredrik Sjostrom in Jets zone.
7:47 of 1st period - Snap shot by Drew Miller.
7:47 of 1st period - Stopped by Kari Lehtonen without a rebound.
7:48 of 1st period - Marc Savard wins face-off versus Blair Betts in Jets zone.
8:05 of 1st period - Snap shot by Marc Savard.
8:05 of 1st period - Deflect By Brendan Bell.
8:05 of 1st period - Stopped by Kari Lehtonen without a rebound.
8:06 of 1st period - Brooks Laich wins face-off versus Fredrik Sjostrom in Jets zone.
8:17 of 1st period - Slapshot by Drew Miller.
8:17 of 1st period - Stopped by Kari Lehtonen with a rebound.
8:21 of 1st period - Wrist shot by Devin Setoguchi.
8:21 of 1st period - Deflect By Brooks Laich.
8:21 of 1st period - Stopped by Kari Lehtonen without a rebound.
8:22 of 1st period - Patrick Sharp wins face-off versus Daniel Sedin in Jets zone.
8:25 of 1st period - Snap shot by Patrick Sharp.
8:25 of 1st period - Shot Blocked by Dmitri Kalinin.
8:27 of 1st period - Slapshot by Dennis Wideman.
8:27 of 1st period - Shot Blocked by Dmitri Kalinin.
8:29 of 1st period - Snap shot by Patrick Sharp.
8:29 of 1st period - Shot Blocked by Adam Pardy.
8:31 of 1st period - Snap shot by Dennis Wideman.
8:31 of 1st period - Deflect By Adam Pardy.
8:31 of 1st period - Stopped by Kari Lehtonen with a rebound.
9:13 of 1st period - Penalty to Darroll Powe is over, Darroll Powe is back on ice.
9:29 of 1st period - Snap shot by Darroll Powe.
9:29 of 1st period - Shot Blocked by Riley Cote.
9:31 of 1st period - Slapshot by Brendan Bell.
9:31 of 1st period - Stopped by Jonathan Bernier with a rebound.
10:07 of 1st period - Fredrik Sjostrom is hit by Brooks Laich and loses puck.
10:33 of 1st period - Blake Wheeler is hit by Marc Savard and loses puck.
10:44 of 1st period - Dustin Boyd is hit by Jussi Jokinen and loses puck.
11:36 of 1st period - Wrist shot by Rene Bourque.
11:36 of 1st period - Shot Misses the Net.
11:38 of 1st period - Slapshot by Dennis Wideman.
11:38 of 1st period - Stopped by Kari Lehtonen without a rebound.
11:39 of 1st period - Marc Savard wins face-off versus Derek Roy in Jets zone.
11:50 of 1st period - Snap shot by Marc Savard.
11:50 of 1st period - Stopped by Kari Lehtonen with a rebound.
11:52 of 1st period - Backhand shot by Patrick Sharp.
11:52 of 1st period - Stopped by Kari Lehtonen with a rebound.
11:54 of 1st period - Slapshot by Matt Carle.
11:54 of 1st period - Stopped by Kari Lehtonen without a rebound.
11:55 of 1st period - Brooks Laich wins face-off versus Mikko Koivu in Jets zone.
11:58 of 1st period - Snap shot by Brooks Laich.
11:58 of 1st period - Goal by Brooks Laich - Canadiens : 1 - Jets : 0.
11:59 of 1st period - Marc Savard wins face-off versus Derek Roy in neutral zone.
12:14 of 1st period - Snap shot by Marc Savard.
12:14 of 1st period - Goal by Marc Savard - Canadiens : 2 - Jets : 0.
12:15 of 1st period - Derek Roy wins face-off versus Marc Savard in neutral zone.
12:24 of 1st period - Wrist shot by Dustin Brown.
12:24 of 1st period - Stopped by Jonathan Bernier without a rebound.
12:25 of 1st period - Marc Savard wins face-off versus Derek Roy in Canadiens zone.
12:25 of 1st period - Marc Savard is hit by Anton Volchenkov.
12:34 of 1st period - Minor Penalty to Anton Volchenkov for Roughing.
12:35 of 1st period - Marc Savard wins face-off versus Darroll Powe in Jets zone.
12:35 of 1st period - Snap shot by Marek Svatos.
12:35 of 1st period - Stopped by Kari Lehtonen without a rebound.
12:36 of 1st period - Marc Savard wins face-off versus Darroll Powe in Jets zone.
14:22 of 1st period - Dennis Wideman is hit by Fredrik Sjostrom and loses puck.
14:34 of 1st period - Penalty to Anton Volchenkov is over, Anton Volchenkov is back on ice.
14:56 of 1st period - Brendan Bell is hit by Riley Cote.
15:36 of 1st period - Brooks Laich is hit by Anton Volchenkov and loses puck.
15:51 of 1st period - Derek Roy is hit by Devin Setoguchi and loses puck.
16:25 of 1st period - Icing by Maxim Talbot.
16:26 of 1st period - Marc Savard wins face-off versus Mikko Koivu in Canadiens zone.
16:35 of 1st period - Snap shot by Mikko Koivu.
16:35 of 1st period - Stopped by Jonathan Bernier without a rebound.
16:36 of 1st period - Marek Svatos wins face-off versus Derek Roy in Canadiens zone.
17:25 of 1st period - Wrist shot by Benoit Pouliot.
17:25 of 1st period - Shot Hit the Post.
17:27 of 1st period - Slapshot by Derek Roy.
17:27 of 1st period - Shot Blocked by Jiri Fischer.
17:29 of 1st period - Slapshot by Anton Volchenkov.
17:29 of 1st period - Shot Blocked by Dennis Wideman.
17:33 of 1st period - Snap shot by Derek Roy.
17:33 of 1st period - Shot Blocked by Jiri Fischer.
17:35 of 1st period - Slapshot by Dmitri Kalinin.
17:35 of 1st period - Stopped by Jonathan Bernier without a rebound.
17:36 of 1st period - Marc Savard wins face-off versus Mikko Koivu in Canadiens zone.
17:38 of 1st period - Icing by Marek Svatos.
17:39 of 1st period - Mikko Koivu wins face-off versus Marc Savard in Canadiens zone.
17:40 of 1st period - Snap shot by Daniel Sedin.
17:40 of 1st period - Stopped by Jonathan Bernier with a rebound.
17:42 of 1st period - Slapshot by Kevin Klein.
17:42 of 1st period - Shot Misses the Net.
18:02 of 1st period - Minor Penalty to Dan Boyle for Tripping.
18:03 of 1st period - Derek Roy wins face-off versus Maxim Talbot in Canadiens zone.
18:04 of 1st period - Wrist shot by Benoit Pouliot.
18:04 of 1st period - Shot Misses the Net.
18:06 of 1st period - Snap shot by Dustin Brown.
18:06 of 1st period - Shot Misses the Net.
18:08 of 1st period - Slapshot by Kevin Klein.
18:08 of 1st period - Shot Misses the Net.
18:10 of 1st period - Snap shot by Dustin Brown.
18:10 of 1st period - Stopped by Jonathan Bernier with a rebound.
18:12 of 1st period - Wrist shot by Benoit Pouliot.
18:12 of 1st period - Deflect By Derek Roy.
18:12 of 1st period - Goal by Derek Roy - Canadiens : 2 - Jets : 1.
18:13 of 1st period - Brooks Laich wins face-off versus Derek Roy in neutral zone.
19:10 of 1st period - Blake Wheeler is hit by Patrick Sharp and loses puck.
19:57 of 1st period - Wrist shot by Fredrik Sjostrom.
19:57 of 1st period - Shot Blocked by Cam Janssen.
Goals for this period are 2 for Canadiens vs 1 for Jets.
Shots for this period are 14 for Canadiens vs 13 for Jets.
2nd period
0:01 of 2nd period - Marc Savard wins face-off versus Derek Roy in neutral zone.
0:12 of 2nd period - Slapshot by Marek Svatos.
0:12 of 2nd period - Shot Blocked by Dustin Brown.
0:31 of 2nd period - Adam Pardy is hit by Rene Bourque and loses puck.
0:47 of 2nd period - Off-side.
0:48 of 2nd period - Darroll Powe wins face-off versus Maxim Talbot in neutral zone.
1:14 of 2nd period - Minor Penalty to Patrick Sharp for Cross-checking.
1:15 of 2nd period - Derek Roy wins face-off versus Maxim Talbot in Canadiens zone.
1:20 of 2nd period - Wrist shot by Derek Roy.
1:20 of 2nd period - Stopped by Jonathan Bernier with a rebound.
1:32 of 2nd period - Snap shot by Derek Roy.
1:32 of 2nd period - Stopped by Jonathan Bernier without a rebound.
1:33 of 2nd period - Mikko Koivu wins face-off versus Drew Miller in Canadiens zone.
1:34 of 2nd period - Slapshot by Daniel Sedin.
1:34 of 2nd period - Shot Misses the Net.
1:36 of 2nd period - Slapshot by Kevin Klein.
1:36 of 2nd period - Stopped by Jonathan Bernier without a rebound.
1:37 of 2nd period - Maxim Talbot wins face-off versus Daniel Sedin in Canadiens zone.
2:22 of 2nd period - Snap shot by Mikko Koivu.
2:22 of 2nd period - Stopped by Jonathan Bernier without a rebound.
2:23 of 2nd period - Maxim Talbot wins face-off versus Derek Roy in Canadiens zone.
2:32 of 2nd period - Slapshot by Chris Phillips.
2:32 of 2nd period - Stopped by Jonathan Bernier without a rebound.
2:33 of 2nd period - Derek Roy wins face-off versus Maxim Talbot in Canadiens zone.
2:58 of 2nd period - Wrist shot by Dustin Brown.
2:58 of 2nd period - Shot Misses the Net.
3:00 of 2nd period - Snap shot by Dustin Brown.
3:00 of 2nd period - Shot Misses the Net.
3:02 of 2nd period - Snap shot by Anton Volchenkov.
3:02 of 2nd period - Goal by Anton Volchenkov - Canadiens : 2 - Jets : 2.
3:03 of 2nd period - Marc Savard wins face-off versus Derek Roy in neutral zone.
3:06 of 2nd period - Dustin Brown is hit by Marc Savard and loses puck.
3:15 of 2nd period - Snap shot by Marek Svatos.
3:15 of 2nd period - Shot Misses the Net.
3:31 of 2nd period - Mikko Koivu is hit by Dennis Wideman and loses puck.
3:39 of 2nd period - Minor Penalty to Blake Wheeler for Hooking.
3:40 of 2nd period - Darroll Powe wins face-off versus Marc Savard in Jets zone.
3:40 of 2nd period - Darroll Powe is hit by Dennis Wideman.
3:53 of 2nd period - Slapshot by Patrick Sharp.
3:53 of 2nd period - Shot Misses the Net.
3:55 of 2nd period - Slapshot by Dennis Wideman.
3:55 of 2nd period - Shot Misses the Net.
3:57 of 2nd period - Wrist shot by Patrick Sharp.
3:57 of 2nd period - Stopped by Kari Lehtonen without a rebound.
3:58 of 2nd period - Brooks Laich wins face-off versus Darroll Powe in Jets zone.
4:05 of 2nd period - Snap shot by Drew Miller.
4:05 of 2nd period - Deflect By Brooks Laich.
4:05 of 2nd period - Stopped by Kari Lehtonen with a rebound.
4:07 of 2nd period - Snap shot by Brooks Laich.
4:07 of 2nd period - Shot Misses the Net.
5:20 of 2nd period - Denis Grebeshkov is hit by Daniel Sedin and loses puck.
5:33 of 2nd period - Snap shot by Marek Svatos.
5:33 of 2nd period - Shot Misses the Net.
5:35 of 2nd period - Wrist shot by Marc Savard.
5:35 of 2nd period - Shot Misses the Net.
5:39 of 2nd period - Penalty to Blake Wheeler is over, Blake Wheeler is back on ice.
5:53 of 2nd period - Wrist shot by Dustin Boyd.
5:53 of 2nd period - Shot Misses the Net.
6:22 of 2nd period - Snap shot by Blake Wheeler.
6:22 of 2nd period - Stopped by Jonathan Bernier with a rebound.
7:09 of 2nd period - Snap shot by Jussi Jokinen.
7:09 of 2nd period - Shot Misses the Net.
7:11 of 2nd period - Snap shot by Darroll Powe.
7:11 of 2nd period - Goal by Darroll Powe - Canadiens : 2 - Jets : 3.
7:12 of 2nd period - Derek Roy wins face-off versus Brooks Laich in neutral zone.
7:27 of 2nd period - Wrist shot by Derek Roy.
7:27 of 2nd period - Shot Misses the Net.
7:35 of 2nd period - Rene Bourque is hit by Dustin Brown and loses puck.
7:46 of 2nd period - Slapshot by Brooks Laich.
7:46 of 2nd period - Deflect By Drew Miller.
7:46 of 2nd period - Shot Blocked by Anton Volchenkov.
7:46 of 2nd period - Puck is out of play.
7:47 of 2nd period - Marc Savard wins face-off versus Darroll Powe in Jets zone.
7:56 of 2nd period - Wrist shot by Marc Savard.
7:56 of 2nd period - Shot Misses the Net.
7:58 of 2nd period - Wrist shot by Patrick Sharp.
7:58 of 2nd period - Shot Misses the Net.
8:14 of 2nd period - Greg Stewart is hit by Fredrik Sjostrom and loses puck.
8:41 of 2nd period - Wrist shot by Blake Wheeler.
8:41 of 2nd period - Stopped by Jonathan Bernier with a rebound.
8:47 of 2nd period - Slapshot by Riley Cote.
8:47 of 2nd period - Stopped by Kari Lehtonen with a rebound.
9:03 of 2nd period - Snap shot by Daniel Sedin.
9:03 of 2nd period - Stopped by Jonathan Bernier with a rebound.
9:55 of 2nd period - Jussi Jokinen is hit by Marc Savard and loses puck.
10:38 of 2nd period - Slapshot by Dustin Brown.
10:38 of 2nd period - Shot Misses the Net.
10:40 of 2nd period - Slapshot by Kevin Klein.
10:40 of 2nd period - Shot Misses the Net.
10:42 of 2nd period - Snap shot by Derek Roy.
10:42 of 2nd period - Jets goal is going for a video replay.
10:42 of 2nd period - The goal is refused. The puck has been kicked using a distinct kicking motion..
10:43 of 2nd period - Marc Savard wins face-off versus Derek Roy in Canadiens zone.
10:43 of 2nd period - Dan Boyle is hit by Brendan Bell and loses puck.
10:50 of 2nd period - Wrist shot by Benoit Pouliot.
10:50 of 2nd period - Stopped by Jonathan Bernier without a rebound.
10:51 of 2nd period - Marc Savard wins face-off versus Mikko Koivu in Canadiens zone.
11:06 of 2nd period - Snap shot by Marc Savard.
11:06 of 2nd period - Stopped by Kari Lehtonen with a rebound.
11:47 of 2nd period - Minor Penalty to Marek Svatos for Tripping.
11:48 of 2nd period - Maxim Talbot wins face-off versus Derek Roy in Canadiens zone.
12:00 of 2nd period - Jiri Fischer is hit by Benoit Pouliot and loses puck.
12:24 of 2nd period - Brooks Laich is hit by Derek Roy and loses puck.
12:57 of 2nd period - Icing by Dustin Brown.
12:58 of 2nd period - Brooks Laich wins face-off versus Derek Roy in Jets zone.
13:01 of 2nd period - Snap shot by Greg Stewart.
13:01 of 2nd period - Shot Misses the Net.
13:21 of 2nd period - Slapshot by Derek Roy.
13:21 of 2nd period - Stopped by Jonathan Bernier without a rebound.
13:22 of 2nd period - Mikko Koivu wins face-off versus Maxim Talbot in Canadiens zone.
13:35 of 2nd period - Snap shot by Mikko Koivu.
13:35 of 2nd period - Shot Misses the Net.
13:37 of 2nd period - Backhand shot by Daniel Sedin.
13:37 of 2nd period - Stopped by Jonathan Bernier with a rebound.
13:39 of 2nd period - Slapshot by Anton Volchenkov.
13:39 of 2nd period - Shot Misses the Net.
13:47 of 2nd period - Penalty to Marek Svatos is over, Marek Svatos is back on ice.
13:49 of 2nd period - Slapshot by Jiri Fischer.
13:49 of 2nd period - Stopped by Kari Lehtonen without a rebound.
13:50 of 2nd period - Marc Savard wins face-off versus Darroll Powe in Jets zone.
14:35 of 2nd period - Wrist shot by Greg Stewart.
14:35 of 2nd period - Deflect By Devin Setoguchi.
14:35 of 2nd period - Stopped by Kari Lehtonen without a rebound.
14:36 of 2nd period - Maxim Talbot wins face-off versus Mikko Koivu in Jets zone.
14:49 of 2nd period - Slapshot by Blake Wheeler.
14:49 of 2nd period - Shot Hit the Post.
15:03 of 2nd period - Rene Bourque is hit by Adam Pardy and loses puck.
15:22 of 2nd period - Penalty Shot by Rene Bourque for Canadiens.
15:22 of 2nd period - Wrist shot by Rene Bourque.
15:22 of 2nd period - Stopped by Kari Lehtonen.
15:23 of 2nd period - Darroll Powe wins face-off versus Marc Savard in Canadiens zone.
15:29 of 2nd period - Dan Boyle is hit by Dmitri Kalinin and loses puck.
15:52 of 2nd period - Icing by Dan Boyle.
15:53 of 2nd period - Derek Roy wins face-off versus Maxim Talbot in Canadiens zone.
16:02 of 2nd period - Snap shot by Benoit Pouliot.
16:02 of 2nd period - Shot Misses the Net.
16:49 of 2nd period - Wrist shot by Tomas Kopecky.
16:49 of 2nd period - Shot Misses the Net.
17:03 of 2nd period - Dennis Wideman is hit by Dustin Brown and loses puck.
17:08 of 2nd period - Wrist shot by Derek Roy.
17:08 of 2nd period - Stopped by Jonathan Bernier without a rebound.
17:09 of 2nd period - Mikko Koivu wins face-off versus Brooks Laich in Canadiens zone.
17:14 of 2nd period - Snap shot by Blake Wheeler.
17:14 of 2nd period - Stopped by Jonathan Bernier with a rebound.
17:16 of 2nd period - Slapshot by Adam Pardy.
17:16 of 2nd period - Deflect By Blake Wheeler.
17:16 of 2nd period - Stopped by Jonathan Bernier with a rebound.
17:18 of 2nd period - Wrist shot by Daniel Sedin.
17:18 of 2nd period - Shot Misses the Net.
17:20 of 2nd period - Snap shot by Blake Wheeler.
17:20 of 2nd period - Stopped by Jonathan Bernier with a rebound.
17:22 of 2nd period - Backhand shot by Adam Pardy.
17:22 of 2nd period - Shot Blocked by Brooks Laich.
17:24 of 2nd period - Slapshot by Adam Pardy.
17:24 of 2nd period - Deflect By Mikko Koivu.
17:24 of 2nd period - Shot Misses the Net.
17:24 of 2nd period - Puck is out of play.
17:25 of 2nd period - Marc Savard wins face-off versus Derek Roy in Canadiens zone.
18:17 of 2nd period - Snap shot by Jussi Jokinen.
18:17 of 2nd period - Shot Misses the Net.
18:19 of 2nd period - Snap shot by Tomas Kopecky.
18:19 of 2nd period - Goal by Tomas Kopecky - Canadiens : 2 - Jets : 4.
18:20 of 2nd period - Marc Savard wins face-off versus Derek Roy in neutral zone.
18:25 of 2nd period - Snap shot by Marek Svatos.
18:25 of 2nd period - Shot Misses the Net.
18:27 of 2nd period - Snap shot by Marc Savard.
18:27 of 2nd period - Stopped by Kari Lehtonen without a rebound.
18:28 of 2nd period - Derek Roy wins face-off versus Patrick Sharp in Jets zone.
18:28 of 2nd period - Derek Roy is hit by Marek Svatos.
19:02 of 2nd period - Off-side.
19:03 of 2nd period - Brooks Laich wins face-off versus Mikko Koivu in neutral zone.
19:15 of 2nd period - Minor Penalty to Adam Pardy for Hooking.
19:16 of 2nd period - Darroll Powe wins face-off versus Marc Savard in Jets zone.
19:16 of 2nd period - Darroll Powe is hit by Marek Svatos.
Goals for this period are 0 for Canadiens vs 3 for Jets.
Shots for this period are 7 for Canadiens vs 19 for Jets.
3rd period
0:01 of 3rd period - Marc Savard wins face-off versus Darroll Powe in neutral zone.
1:15 of 3rd period - Penalty to Adam Pardy is over, Adam Pardy is back on ice.
1:32 of 3rd period - Snap shot by Eric Fehr.
1:32 of 3rd period - Shot Blocked by Ladislav Smid.
1:48 of 3rd period - Snap shot by Greg Stewart.
1:48 of 3rd period - Stopped by Kari Lehtonen without a rebound.
1:49 of 3rd period - Derek Roy wins face-off versus Greg Stewart in Jets zone.
1:58 of 3rd period - Wrist shot by Greg Stewart.
1:58 of 3rd period - Deflect By Devin Setoguchi.
1:58 of 3rd period - Stopped by Kari Lehtonen without a rebound.
1:59 of 3rd period - Marc Savard wins face-off versus Mikko Koivu in Jets zone.
2:02 of 3rd period - Snap shot by Marek Svatos.
2:02 of 3rd period - Shot Misses the Net.
2:14 of 3rd period - Snap shot by Daniel Sedin.
2:14 of 3rd period - Shot Misses the Net.
2:16 of 3rd period - Wrist shot by Dmitri Kalinin.
2:16 of 3rd period - Shot Misses the Net.
2:26 of 3rd period - Snap shot by Drew Miller.
2:26 of 3rd period - Shot Misses the Net.
3:20 of 3rd period - Snap shot by Eric Fehr.
3:20 of 3rd period - Stopped by Jonathan Bernier with a rebound.
4:37 of 3rd period - Wrist shot by Blair Betts.
4:37 of 3rd period - Shot Misses the Net.
5:00 of 3rd period - Minor Penalty to Marek Svatos for Holding.
5:01 of 3rd period - Derek Roy wins face-off versus Drew Miller in Canadiens zone.
5:39 of 3rd period - Dennis Wideman is hit by Mikko Koivu and loses puck.
6:56 of 3rd period - Daniel Sedin is hit by Dustin Boyd and loses puck.
7:00 of 3rd period - Penalty to Marek Svatos is over, Marek Svatos is back on ice.
7:11 of 3rd period - Jussi Jokinen is hit by Ladislav Smid and loses puck.
7:30 of 3rd period - Marc Savard is hit by Adam Pardy.
7:34 of 3rd period - Darroll Powe is hit by Patrick Sharp and loses puck.
8:03 of 3rd period - Snap shot by Eric Fehr.
8:03 of 3rd period - Stopped by Jonathan Bernier with a rebound.
8:37 of 3rd period - Minor Penalty to Blake Wheeler for Holding Stick.
8:38 of 3rd period - Darroll Powe wins face-off versus Marc Savard in Jets zone.
8:48 of 3rd period - Wrist shot by Denis Grebeshkov.
8:48 of 3rd period - Deflect By Fredrik Sjostrom.
8:48 of 3rd period - Stopped by Kari Lehtonen without a rebound.
8:49 of 3rd period - Marc Savard wins face-off versus Darroll Powe in Jets zone.
8:58 of 3rd period - Slapshot by Marc Savard.
8:58 of 3rd period - Deflect By Marek Svatos.
8:58 of 3rd period - Shot Misses the Net.
8:58 of 3rd period - Puck is out of play.
8:59 of 3rd period - Marc Savard wins face-off versus Darroll Powe in Jets zone.
9:40 of 3rd period - Snap shot by Patrick Sharp.
9:40 of 3rd period - Shot Blocked by Brendan Bell.
9:50 of 3rd period - Dustin Brown is hit by Denis Grebeshkov and loses puck.
10:01 of 3rd period - Backhand shot by Marek Svatos.
10:01 of 3rd period - Stopped by Kari Lehtonen without a rebound.
10:02 of 3rd period - Darroll Powe wins face-off versus Brooks Laich in Jets zone.
10:13 of 3rd period - Slapshot by Dan Boyle.
10:13 of 3rd period - Shot Blocked by Dmitri Kalinin.
10:36 of 3rd period - Dmitri Kalinin is hit by Brooks Laich.
10:37 of 3rd period - Penalty to Blake Wheeler is over, Blake Wheeler is back on ice.
10:55 of 3rd period - Blake Wheeler is hit by Riley Cote and loses puck.
11:19 of 3rd period - Slapshot by Kevin Klein.
11:19 of 3rd period - Deflect By Mikko Koivu.
11:19 of 3rd period - Shot Misses the Net.
11:19 of 3rd period - Puck is out of play.
11:20 of 3rd period - Mikko Koivu wins face-off versus Dustin Boyd in Canadiens zone.
11:33 of 3rd period - Daniel Sedin is hit by Jiri Fischer.
11:48 of 3rd period - Marek Svatos is hit by Jussi Jokinen and loses puck.
12:13 of 3rd period - Snap shot by Eric Fehr.
12:13 of 3rd period - Shot Misses the Net.
12:15 of 3rd period - Snap shot by Dmitri Kalinin.
12:15 of 3rd period - Shot Misses the Net.
12:31 of 3rd period - Wrist shot by Greg Stewart.
12:31 of 3rd period - Shot Misses the Net.
12:33 of 3rd period - Snap shot by Devin Setoguchi.
12:33 of 3rd period - Stopped by Kari Lehtonen with a rebound.
12:35 of 3rd period - Snap shot by Maxim Talbot.
12:35 of 3rd period - Deflect By Devin Setoguchi.
12:35 of 3rd period - Stopped by Kari Lehtonen with a rebound.
12:37 of 3rd period - Slapshot by Ladislav Smid.
12:37 of 3rd period - Deflect By Devin Setoguchi.
12:37 of 3rd period - Stopped by Kari Lehtonen without a rebound.
12:38 of 3rd period - Patrick Sharp wins face-off versus Mikko Koivu in Jets zone.
12:51 of 3rd period - Snap shot by Daniel Sedin.
12:51 of 3rd period - Stopped by Jonathan Bernier without a rebound.
12:52 of 3rd period - Marc Savard wins face-off versus Derek Roy in Canadiens zone.
12:52 of 3rd period - Marc Savard is hit by Dustin Brown.
12:59 of 3rd period - Dennis Wideman is hit by Dustin Brown and loses puck.
13:06 of 3rd period - Slapshot by Marek Svatos.
13:06 of 3rd period - Shot Blocked by Chris Phillips.
13:08 of 3rd period - Slapshot by Marek Svatos.
13:08 of 3rd period - Stopped by Kari Lehtonen without a rebound.
13:09 of 3rd period - Mikko Koivu wins face-off versus Brooks Laich in Jets zone.
13:14 of 3rd period - Slapshot by Dmitri Kalinin.
13:14 of 3rd period - Stopped by Jonathan Bernier without a rebound.
13:15 of 3rd period - Mikko Koivu wins face-off versus Brooks Laich in Canadiens zone.
13:20 of 3rd period - Slapshot by Daniel Sedin.
13:20 of 3rd period - Stopped by Jonathan Bernier with a rebound.
13:27 of 3rd period - Minor Penalty to Drew Miller for Interference.
13:28 of 3rd period - Dustin Brown wins face-off versus Maxim Talbot in Canadiens zone.
13:28 of 3rd period - Snap shot by Benoit Pouliot.
13:28 of 3rd period - Goal by Benoit Pouliot - Canadiens : 2 - Jets : 5.
13:29 of 3rd period - Derek Roy wins face-off versus Patrick Sharp in neutral zone.
13:29 of 3rd period - Benoit Pouliot is hit by Marek Svatos and loses puck.
14:08 of 3rd period - Slapshot by Dan Boyle.
14:08 of 3rd period - Stopped by Kari Lehtonen without a rebound.
14:09 of 3rd period - Mikko Koivu wins face-off versus Marc Savard in Jets zone.
14:11 of 3rd period - Minor Penalty to Mikko Koivu for Goalie Interference.
14:12 of 3rd period - Marc Savard wins face-off versus Darroll Powe in Jets zone.
14:24 of 3rd period - Wrist shot by Marek Svatos.
14:24 of 3rd period - Stopped by Kari Lehtonen without a rebound.
14:25 of 3rd period - Marc Savard wins face-off versus Darroll Powe in Jets zone.
15:35 of 3rd period - Brendan Bell is hit by Patrick Sharp and loses puck.
16:08 of 3rd period - Icing by Dan Boyle.
16:09 of 3rd period - Marek Svatos wins face-off versus Fredrik Sjostrom in Canadiens zone.
16:11 of 3rd period - Penalty to Mikko Koivu is over, Mikko Koivu is back on ice.
16:24 of 3rd period - Wrist shot by Mikko Koivu.
16:24 of 3rd period - Shot Blocked by Dennis Wideman.
16:26 of 3rd period - Snap shot by Anton Volchenkov.
16:26 of 3rd period - Stopped by Jonathan Bernier without a rebound.
16:27 of 3rd period - Dustin Boyd wins face-off versus Mikko Koivu in Canadiens zone.
16:38 of 3rd period - Snap shot by Riley Cote.
16:38 of 3rd period - Stopped by Kari Lehtonen without a rebound.
16:39 of 3rd period - Derek Roy wins face-off versus Brooks Laich in Jets zone.
16:39 of 3rd period - Derek Roy is hit by Brooks Laich.
16:53 of 3rd period - Wrist shot by Benoit Pouliot.
16:53 of 3rd period - Stopped by Jonathan Bernier with a rebound.
16:55 of 3rd period - Wrist shot by Dustin Brown.
16:55 of 3rd period - Stopped by Jonathan Bernier with a rebound.
17:08 of 3rd period - Minor Penalty to Marc Savard for Slashing.
17:09 of 3rd period - Derek Roy wins face-off versus Maxim Talbot in Canadiens zone.
17:19 of 3rd period - Snap shot by Dustin Brown.
17:19 of 3rd period - Deflect By Ladislav Smid.
17:19 of 3rd period - Shot Misses the Net.
17:19 of 3rd period - Puck is out of play.
17:20 of 3rd period - Derek Roy wins face-off versus Maxim Talbot in Canadiens zone.
17:35 of 3rd period - Snap shot by Dustin Brown.
17:35 of 3rd period - Goal by Dustin Brown - Canadiens : 2 - Jets : 6.
17:36 of 3rd period - Marc Savard wins face-off versus Derek Roy in neutral zone.
17:39 of 3rd period - Derek Roy is hit by Marc Savard and loses puck.
18:31 of 3rd period - Snap shot by Devin Setoguchi.
18:31 of 3rd period - Stopped by Kari Lehtonen with a rebound.
18:33 of 3rd period - Slapshot by Devin Setoguchi.
18:33 of 3rd period - Shot Misses the Net.
18:35 of 3rd period - Snap shot by Maxim Talbot.
18:35 of 3rd period - Shot Misses the Net.
18:44 of 3rd period - Icing by Tomas Kopecky.
18:45 of 3rd period - Darroll Powe wins face-off versus Dustin Boyd in Jets zone.
19:12 of 3rd period - Dan Boyle is hit by Blake Wheeler and loses puck.
19:37 of 3rd period - Snap shot by Tomas Kopecky.
19:37 of 3rd period - Deflect By Jussi Jokinen.
19:37 of 3rd period - Shot Misses the Net.
19:37 of 3rd period - Puck is out of play.
19:38 of 3rd period - Tomas Kopecky wins face-off versus Brooks Laich in Canadiens zone.
Goals for this period are 0 for Canadiens vs 2 for Jets.
Shots for this period are 12 for Canadiens vs 10 for Jets.
Back to the Top